 Dungeon Crawl Stone Soup version 0.29.0-11-gd7f09526c8 (webtiles) character file.

Game seed: 16611661583858717909

13 Shayle the Chiller (level 2, 0/24 HPs)
             Began as a Naga Ice Elementalist on Sept 6, 2022.
             Slain by a hobgoblin (7 damage)
             ... led by Robin
             ... on level 2 of the Dungeon.
             The game lasted 00:02:20 (1529 turns).

Shayle the Chiller (Naga Ice Elementalist)          Turns: 1529, Time: 00:02:20

Health: 0/24       AC:  1    Str: 10    XL:     2   Next: 37%
Magic:  5/5        EV:  9    Int: 15    God:
Gold:   62         SH:  3    Dex: 11    Spells: 4/5 levels left

rFire   . . .      SeeInvis +   b - +0 whip
rCold   . . .      Faith    .   f - +0 buckler
rNeg    . . .      Spirit   .   a - +0 robe
rPois   +          Reflect  .   (no helmet)
rElec   .          Harm     .   (no cloak)
rCorr   .          Rampage  .   (no gloves)
Will    .....                   (no barding)
Stlth   ++........              (no amulet)
HPRegen 0.08/turn               (no ring)
MPRegen 0.09/turn               (no ring)

@: about to teleport, attractive, very slow
A: AC +0, large, see invisible, deformed body, poison resistance, slowness 2,
spit poison 1, naga tail 1
a: Spit Poison


You were on level 2 of the Dungeon.
You visited 1 branch of the dungeon, and saw 2 of its levels.

You collected 62 gold pieces.

Inventory:

Hand Weapons
 b - a +0 whip (weapon)
Armour
 a - a +0 robe (worn)
 f - a +0 buckler (worn)
Scrolls
 e - a scroll of amnesia {unknown}


   Skills:
 + Level 0.9 Fighting
 - Level 1.5 Dodging
 - Level 3.0 Stealth
 + Level 0.1 Shields
 + Level 2.2 Spellcasting
 + Level 4.2 Ice Magic


You had 4 spell levels left.
You knew the following spells:

 Your Spells              Type           Power      Damage    Failure   Level
a - Freeze                Ice            56%        1d7       4%          1

Your spell library contained the following spells:

 Spells                   Type           Power      Damage    Failure   Level
 Frozen Ramparts          Ice            28%        1d5       14%         3
 Ozocubu's Armour         Ice            14%        N/A       14%         3
 Hailstorm                Conj/Ice       7%         3d4       75%         4


Dungeon Overview and Level Annotations

Branches:
Dungeon (2/15)

Altars:

Annotations:
D:2 Robin


Innate Abilities, Weirdness & Mutations

Your serpentine skin is tough. (AC +0)
You have supernaturally acute eyesight. (SInv)
Armour fits poorly on your strangely shaped body.
Your system is resistant to poisons. (rPois)
You cover ground very slowly.
You can spit poison.
You have a snake-like lower body.


Message History

The giant cockroach is poisoned.
Casting: Freeze (safe; 4% risk of failure)
Confirm with . or Enter, or press ? or * to list all spells.
Aiming: Freeze (safe; 4% risk of failure)
Press: ? - help, Shift-Dir - straight line, f/p - giant cockroach
Aim: a giant cockroach (lightly wounded, poisoned)
You freeze the giant cockroach!
You kill the giant cockroach!
You see here a giant cockroach corpse.
You have got your breath back.
Magic restored.
A hobgoblin comes into view.
Robin, a hobgoblin and 2 goblins come into view.
A goblin is wielding a +1 dagger of venom.
A hobgoblin and 5 goblins come into view.
Found a stone staircase leading down.
Robin shouts!
The goblin shouts! x2; The hobgoblin shouts!
The goblin shouts! x3
The hobgoblin shouts!
The goblin attacks as you move away! The goblin hits you but does no damage.
The hobgoblin attacks as you move away! The hobgoblin hits you.
Robin roars a battlecry!
The goblins go into a battle-frenzy!
The hobgoblin hits you! The hobgoblin attacks as you move away!
The hobgoblin hits you. The hobgoblin hits you.
The hobgoblin closely misses you.
As you read the scroll labelled YHOLIROCUCK, it crumbles to dust.
You feel strangely unstable.
It was a scroll of teleportation.
The hobgoblin hits you.
* * * LOW HITPOINT WARNING * * *
Robin says, "Feeling lonely?"
Robin throws the goblin at you!
* * * LOW HITPOINT WARNING * * *
It was a potion of attraction.
You feel attractive to monsters.
The hobgoblin hits you but does no damage.
The goblin hits you with a +1 dagger of venom.
* * * LOW HITPOINT WARNING * * *
It was a potion of curing.
You feel better. The hobgoblin hits you!
You die... ####### #....g# #ggggg#.#

#g.g.g..#
#g############
##.#ggg@g......
#...g###.#...#.
+..#...#.# .#
#..###.#.#
#..#...#.#
##.#.###†#
#.#.....#
#.###.###
###...#.#


You could see Robin, 2 hobgoblins and 2 goblins.

Vanquished Creatures
  A dart slug (D:2)
  An endoplasm (D:1)
  A giant cockroach (D:2)
  A goblin (D:1)
  A hobgoblin (D:1)
  2 jackals (D:1)
  A bat (D:1)
  2 rats (D:1)
10 creatures vanquished.

Notes
Turn   | Place    | Note
-------+----------+-------------------------------------------
     0 | D:1      | Shayle the Naga Ice Elementalist began the quest for the
                  | Orb.
     0 | D:1      | Reached XP level 1. HP: 15/15 MP: 3/3
   564 | D:1      | Reached XP level 2. HP: 6/24 MP: 0/5
   861 | D:1      | Found a faded altar of an unknown god.
  1519 | D:2      | Noticed Robin
  1528 | D:2      | HP: 1/24 [goblin/+1 dagger of venom[Robin] (2)]
  1529 | D:2      | Slain by a hobgoblin

Illustrated notes

Levels and vault maps discovered:
D:1:      minmay_arrival_three_doors, layout_basic, basic_ecumenical_altar
D:2:      layout_basic, basic_altar, minmay_goblin_outpost, uniq_robin

Action                   || total
-------------------------++-------
Melee: Whip              ||    10
       Unarmed           ||     2
 Cast: Freeze            ||     8
 Abil: Spit Poison       ||     9
  Use: Potion            ||     3
       Scroll            ||     1
Armor: Robe              ||     8
Dodge: Dodged            ||    20
